 Dungeon Crawl Stone Soup version 0.19-a0-1185-gacb3972 (webtiles) character file.

10278 Rhoefr the Slicer (level 11, -9/77 HPs)
             Began as a Halfling Fighter on Aug 18, 2016.
             Was a High Priest of Okawaru.
             Killed from afar by Harold (31 damage)
             ... with a bolt of fire
             ... on level 1 of the Lair of Beasts.
             The game lasted 00:45:28 (10625 turns).

Rhoefr the Slicer (Halfling Fighter)               Turns: 10625, Time: 00:45:28

Health: -9/77      AC: 18    Str: 16    XL:     11   Next: 90%
Magic:  14/15      EV: 23    Int:  7    God:    Okawaru [*****.]
Gold:   459        SH: 10    Dex: 18    Spells: 0 memorised, 10 levels left

rFire  . . .     SeeInvis +     a - +3 dagger (elec)
rCold  . . .     Gourm    .     j - +0 scale mail
rNeg   . . .     Faith    .     T - +2 buckler
rPois  +         Spirit   .     (no helmet)
rElec  .         Dismiss  .     Q - +2 cloak {MR+}
rCorr  .         Reflect  .     O - +0 pair of gloves
MR     +....     Harm     +     r - +1 pair of boots
Stlth  +++.......               q - amulet of harm
                                E - ring of stealth
                                t - ring of poison resistance

@: heroism
A: see invisible, mutation resistance 1
a: Heroism, Finesse, Renounce Religion


You were on level 1 of the Lair of Beasts.
You worshipped Okawaru.
Okawaru was extremely pleased with you.
You were hungry.

You visited 2 branches of the dungeon, and saw 11 of its levels.
You also visited: Ossuary and Bailey.

You collected 459 gold pieces.

Inventory:

Hand Weapons
 a - a +3 dagger of electrocution (weapon)
 b - a +0 hunting sling
 V - the +3 whip "Wacokehaok" {slash, rElec rC+ Dex+2}
   (You found it on level 9 of the Dungeon)

   It inflicts extra damage upon your enemies.
   It affects your dexterity (+2).
   It protects you from cold.
   It insulates you from electricity.
 W - a +1 short sword of speed
Missiles
 D - 24 sling bullets
Armour
 j - a +0 scale mail (worn)
 r - a +1 pair of boots (worn)
 O - a +0 pair of gloves (worn)
 Q - a +2 cloak of magic resistance (worn)
 T - a +2 buckler (worn)
Jewellery
 q - an amulet of harm (around neck)
 t - a ring of poison resistance (left hand)
 x - an uncursed ring of resist corrosion
 E - a ring of stealth (right hand)
Wands
 c - a wand of iceblast (5/15)
 n - a wand of flame (11/48)
 o - a wand of random effects (28/48)
 A - a wand of confusion (34/48)
 F - a wand of slowing (15/48)
 J - a wand of random effects (34/48)
 P - a wand of paralysis (15/24)
 U - a wand of digging (5/24)
Scrolls
 e - a scroll of noise {unknown}
 h - 4 scrolls of remove curse
 i - 5 scrolls of teleportation
 l - a scroll of fear {unknown}
 s - a scroll of enchant armour
 u - 6 scrolls of enchant weapon
 v - a scroll of blinking {unknown}
 y - a scroll of recharging {unknown}
 H - 3 scrolls of identify
 S - a scroll of fog {unknown}
Potions
 d - 2 potions of might
 m - 3 potions of heal wounds
 p - 2 potions of cure mutation
 w - 3 potions of lignification
 z - 2 potions of mutation
 G - a potion of magic
 I - 3 potions of agility
 K - 3 potions of curing
 L - 3 potions of haste
 M - a potion of invisibility
 R - a potion of resistance {unknown}
 Y - a potion of flight {unknown}
Books
 k - a book of the Tempests

   Spells                             Type                      Level
   a - Static Discharge               Conjuration/Air              3
   b - Lightning Bolt                 Conjuration/Air              5
   c - Fireball                       Conjuration/Fire             5
   d - Tornado                        Air                          9
   e - Shatter                        Earth                        9
 X - a book of Clouds

   Spells                             Type                      Level
   a - Mephitic Cloud                 Conjuration/Poison/Air       3
   b - Conjure Flame                  Conjuration/Fire             3
   c - Poisonous Cloud                Conjuration/Poison/Air       6
   d - Freezing Cloud                 Conjuration/Ice/Air          6
   e - Ring of Flames                 Charms/Fire                  7
Miscellaneous
 C - a lamp of fire
Comestibles
 f - 12 bread rations
 g - 4 meat rations


   Skills:
 + Level 8.2(13.2) Fighting
 - Level 10.2(15.2) Short Blades
 + Level 10.2(15.2) Armour
 + Level 9.2(14.2) Dodging
 - Level 5.9(10.9) Shields
 + Level 5.3 Invocations


You had 10 spell levels left.
You didn't know any spells.

Dungeon Overview and Level Annotations

Branches:
Dungeon (10/15)            Temple (0/1) D:6            Lair (1/6) D:8
    Orc: D:9-12

Altars:
Ashenzari
Cheibriados
Gozag
Makhleb
Nemelex Xobeh
Okawaru
Qazlal
Ru
Sif Muna
Uskayaw
Xom
Zin

Annotations:
Lair:1 Harold


Innate Abilities, Weirdness & Mutations

You are small and have problems with some larger weapons.
You are somewhat resistant to further mutation.
You have supernaturally acute eyesight. (SInv)


Message History

You barely miss Harold.
Harold is heavily wounded.
You block Harold's attack.
You hit Harold.
Harold is severely wounded.
You block the crocodile's attack.
You hit Harold.
Harold is severely wounded.
You barely miss Harold.
Harold is severely wounded.
Harold closely misses you. The crocodile completely misses you.
You hit Harold but do no damage.
Harold is severely wounded.
You hit Harold.
Harold is severely wounded.
The crocodile bites you.
* * * LOW HITPOINT WARNING * * *
Harold gestures at you while chanting. The bolt of fire hits you!
You die...

#.. ... ### .... ### ###
....#####P############.#
........................
........................
........................
......@.................
$.....t@................
......................[.
........................
.....####..#########P##.
....# #### ##### ....
... ..


You could see Harold and a crocodile.

Vanquished Creatures
  A hydra (Lair:1)
  Erica (D:8)
  Nergalle (Lair:1)
  Pikel (D:7)
  A black mamba (Lair:1)
  A rime drake (Lair:1)
  A komodo dragon (Lair:1)
  A troll (D:9)
  Grinder (D:6)
  Sigmund (D:6)
  A spriggan (D:7)
  A wyvern (D:9)
  A yak (D:9)
  A hungry ghost (D:9)
  A hippogriff (Lair:1)
  2 water moccasins (Lair:1)
  3 porcupines (Lair:1)
  3 phantoms
  4 sky beasts
  13 orc warriors
  A wasp (D:9)
  A necrophage (D:6)
  A black bear (D:6)
  3 ogres
  10 centaurs
  A big kobold (D:9)
  A giant frog (Lair:1)
  A jelly (D:9)
  5 scorpions
  13 killer bees
  4 crimson imps
  2 centaur zombies (Ossuary)
  3 hounds
  Crazy Yiuf (D:6)
  3 orc priests
  9 orc wizards
  An iguana (D:6)
  4 worker ants
  A big kobold zombie (Ossuary)
  2 hound skeletons
  5 mummies (Ossuary)
  A worker ant zombie (D:6)
  11 adders
  A river rat (Lair:1)
  3 shadow imps
  An adder zombie (D:6)
  2 dart slugs (D:2)
  2 worms
  8 giant geckos
  41 orcs
  12 bats
  5 giant cockroaches
  10 goblins
  8 hobgoblins
  17 jackals
  6 quokkas
  2 ball pythons
  A giant gecko skeleton (D:4)
  3 giant newts
  A gnoll zombie (Ossuary)
  A goblin zombie (Ossuary)
  14 kobolds
  A kobold zombie (Ossuary)
  2 orc zombies (Ossuary)
  5 rats
270 creatures vanquished.

Vanquished Creatures (others)
  A slave (D:7)
  A giant frog (D:7)
  A killer bee (D:7)
3 creatures vanquished.

Grand Total: 273 creatures vanquished

Notes
Turn   | Place    | Note
-------+----------+-------------------------------------------
     0 | D:1      | Rhoefr the Halfling Fighter began the quest for the Orb.
     0 | D:1      | Reached XP level 1. HP: 15/15 MP: 1/1
   148 | D:1      | Reached XP level 2. HP: 19/20 MP: 2/2
   526 | D:1      | Reached XP level 3. HP: 23/25 MP: 3/3
   846 | D:2      | Found a sparkling altar of Nemelex Xobeh.
   875 | D:2      | Reached XP level 4. HP: 30/30 MP: 4/4
  1096 | D:2      | Found a sacrificial altar of Ru.
  1639 | D:3      | Reached XP level 5. HP: 28/35 MP: 5/5
  1846 | D:3      | Found a deep blue altar of Sif Muna.
  2097 | D:4      | Reached skill level 5 in Shields
  2321 | D:4      | Reached XP level 6. HP: 34/41 MP: 6/6
  2617 | D:4      | Found a shattered altar of Ashenzari.
  2740 | D:5      | Entered Level 5 of the Dungeon
  2783 | D:5      | Found a shimmering altar of Xom.
  2783 | D:5      | Found a snail-covered altar of Cheibriados.
  2882 | D:5      | Reached skill level 5 in Short Blades
  3221 | D:5      | Noticed a phantom
  3244 | D:5      | Killed a phantom
  3244 | D:5      | Reached XP level 7. HP: 39/45 MP: 7/7
  3822 | D:6      | Found an iron altar of Okawaru.
  3830 | D:6      | Became a worshipper of Warmaster Okawaru
  3985 | D:6      | Noticed Sigmund
  4004 | D:6      | Killed Sigmund
  4004 | D:6      | Reached XP level 8. HP: 35/51 MP: 8/8
  4015 | D:6      | Reached skill level 10 in Short Blades
  4192 | D:6      | Found a sand-covered staircase.
  4197 | Ossuary  | Entered an ossuary
  4397 | Ossuary  | Reached skill level 1 in Dodging
  4498 | D:6      | Reached * piety under Okawaru
  4545 | D:6      | Noticed Grinder
  4558 | D:6      | Paralysed by Grinder for 3 turns
  4568 | D:6      | Killed Grinder
  4568 | D:6      | Reached skill level 5 in Armour
  4568 | D:6      | Reached XP level 9. HP: 42/57 MP: 9/9
  4648 | D:6      | Found a runed door.
  4696 | D:6      | Found a staircase to the Ecumenical Temple.
  4719 | D:6      | Found a glowing silver altar of Zin.
  5040 | D:6      | Noticed Crazy Yiuf
  5046 | D:6      | Killed Crazy Yiuf
  5203 | D:7      | Noticed Pikel
  5214 | D:7      | Killed Pikel
  5214 | D:7      | Reached ** piety under Okawaru
  5226 | D:7      | Reached skill level 5 in Dodging
  5228 | D:7      | Reached skill level 5 in Fighting
  5486 | D:7      | Found a hide-covered altar of Uskayaw.
  5573 | D:7      | Found a stormy altar of Qazlal.
  5683 | D:7      | Reached *** piety under Okawaru
  5872 | D:7      | Reached XP level 10. HP: 56/66 MP: 10/10
  6164 | D:8      | Found a staircase to the Lair.
  6394 | D:8      | Noticed Erica
  6412 | D:8      | Killed Erica
  6412 | D:8      | Reached **** piety under Okawaru
  7183 | D:9      | Found a flagged portal.
  7331 | Bailey   | Entered a bailey
  7689 | Bailey   | Reached skill level 1 in Invocations
  8263 | Bailey   | Gained mutation: You have supernaturally acute eyesight. (SInv) [potion of mutation]
  8700 | Bailey   | Reached XP level 11. HP: 75/75 MP: 12/12
  9117 | D:9      | Found a burning altar of Makhleb.
  9181 | D:9      | Found an opulent altar of Gozag.
  9634 | D:9      | Got a brightly glowing whip
  9635 | D:9      | Identified the cursed +3 whip "Wacokehaok" {slash, rElec rC+ Dex+2} (You found it on level 9 of the Dungeon)
  9957 | D:10     | Entered Level 10 of the Dungeon
 10041 | Lair:1   | Entered Level 1 of the Lair of Beasts
 10044 | Lair:1   | Noticed Nergalle
 10068 | Lair:1   | Killed Nergalle
 10282 | Lair:1   | Noticed a seven-headed hydra
 10282 | Lair:1   | Reached ***** piety under Okawaru
 10303 | Lair:1   | Killed a seven-headed hydra
 10303 | Lair:1   | Reached skill level 10 in Armour
 10303 | Lair:1   | Reached skill level 5 in Invocations
 10605 | Lair:1   | Noticed Harold
 10625 | Lair:1   | Killed from afar by Harold

Vault maps used:
D:1:      eino_arrival_tree_alley
D:2:      nemelex_altar_shiori, nicolae_overflow_hidden_temple, first_bread,
          serial_glass, glass_columns_a, glass_columns_a, glass_columns_c,
          glass_columns_b, glass_columns_c, glass_columns_a, glass_columns_a,
          glass_columns_b
D:3:      lemuel_crystal_altar
D:4:      ashenzari_altar_1, hex_medium
D:5:      grunt_temple_overflow_open
D:6:      kennysheep_mini_moat, nicolae_overflow_crystal_walls, enter_ossuary_2,
          uniq_crazy_yiuf_cottage, uniq_grinder, uniq_sigmund
D:7:      overflow_temple_1_default, lemuel_crystal_altar, nrook_mini_backslash,
          the_bakery, uniq_pikel
D:8:      lair_0_dummy, minmay_misc_feat_cross, uniq_erica
D:9:      overflow_temple_1_default, kennysheep_mini, enter_bailey_3
D:10:     orc_0_dummy, minivault_15, bh_circular_ruins, uniq_fannar, uniq_urug,
          uniq_gastronok
Lair:1:   hangedman_lair_generics_rect, uniq_harold, uniq_nergalle
Ossuary:  ossuary_crypta
Bailey:   bailey_polearm_flooded_kennysheep, bailey

Skill      XL: |  1  2  3  4  5  6  7  8  9 10 11 |
---------------+----------------------------------+-----
Short Blades   | 3 4 7 9 10 | 10.2
Shields        | 4 5 |  5.9
Armour         | 5 7 8 10 | 10.2
Fighting       | 3 5 7 8 |  8.2
Dodging        | 2 5 7 9 |  9.2
Invocations    | 2 5 |  5.3

Action                   |  1- 3 |  4- 6 |  7- 9 | 10-12 || total
-------------------------+-------+-------+-------+-------++-------
Melee: Rapier            |    38 |       |       |       ||    38
       Dagger            |    44 |   161 |   330 |   574 ||  1109
 Fire: Hunting sling     |       |     8 |       |       ||     8
Invok: Heroism           |       |       |     1 |    12 ||    13
Evoke: Wand              |       |       |     4 |       ||     4
  Use: Scroll            |       |     3 |     7 |     6 ||    16
       Potion            |       |       |       |     5 ||     5
  Eat: Chunk             |       |     7 |     3 |    12 ||    22
       Meat ration       |       |       |     1 |       ||     1
       Beef jerky        |       |       |       |     2 ||     2
       Royal jelly       |       |       |       |     1 ||     1
Armor: Scale mail        |    30 |    47 |    71 |    94 ||   242
Dodge: Dodged            |    29 |    58 |    81 |   262 ||   430
Block: Shield            |    31 |    19 |       |       ||    50
       Buckler           |       |    36 |    58 |   205 ||   299
